Map: Ulrena

Players

VampyWorm - Winner!

  • Race: Protoss Protoss
  • League: Diamond

IIIIIIIIIIII

  • Race: Terran Terran
  • League: Diamond

VOD

Have the link to the VOD?

Description

Time

  • Played on: Dec. 17, 2015, 12:59 a.m.
  • Length: 5:51
Show
View Real Time Build Order
Export as new Build Order

VampyWorm Protoss - Winner!

Build Orders: 1 Gate Expand, Dark Templar Rush 

Get SALT Encoding   

  12  0:01  Probe (Chrono Boost)  
  13  0:11  Probe (Chrono Boost)  
  14  0:19  Pylon  
  14  0:22  Probe (Chrono Boost)  
  15  0:37  Probe (Chrono Boost)  
  15  0:39  Gateway  
  16  0:48  Probe (Chrono Boost)  
  17  1:10  Nexus  
  17  1:15  Assimilator  
  17  1:21  Assimilator  
  17  1:22  Probe (Chrono Boost)  
  18  1:33  Cybernetics Core  
  18  1:37  Probe (Chrono Boost)  
  19  1:51  Pylon  
  19  1:52  Probe (Chrono Boost)  
  20  2:02  Probe (Chrono Boost)  
  21  2:13  Mothership Core (Chrono Boost)  
  23  2:17  Warp Gate  
  23  2:21  Adept  
  25  2:23  Probe (Chrono Boost)  
  26  2:31  Probe (Chrono Boost)  
  26  2:33  Probe (Chrono Boost)  
  28  2:42  Probe (Chrono Boost)  
  28  2:43  Twilight Council  
  28  2:57  Probe (Chrono Boost)  
  29  3:02  Probe (Chrono Boost)  
  29  3:03  Robotics Facility  
  30  3:08  Pylon  
  30  3:11  Probe (Chrono Boost)  
  31  3:17  Probe (Chrono Boost)  
  32  3:22  Probe (Chrono Boost)  
  32  3:27  Dark Shrine  
  33  3:35  Gateway  
  33  3:42  Gateway  
  33  3:51  Warp Prism (Chrono Boost)  
  33  3:55  Probe x2  
  37  4:06  Probe  
  37  4:07  Probe  
  37  4:08  Pylon  
  39  4:16  Probe  
  39  4:19  Probe  
  41  4:27  Probe  
  42  4:39  Dark Templar x3  
  42  4:41  Probe  
  42  4:44  Assimilator  
  49  4:46  Probe, Pylon  
  50  4:53  Probe  
  50  4:58  Probe  
  50  5:20  Dark Templar x2  
  50  5:21  Probe  
  54  5:22  Probe  
  54  5:31  Probe  
  55  5:38  Probe  
  56  5:44  Assimilator  
  56  5:47  Pylon  
Show
View Real Time Build Order
Export as new Build Order

IIIIIIIIIIII Terran 

Build Orders: Reaper Expand 

Get SALT Encoding   

  12  0:01  SCV  
  13  0:13  SCV  
  14  0:18  Supply Depot  
  14  0:25  SCV  
  15  0:39  SCV  
  16  0:43  Barracks  
  16  0:46  Refinery  
  16  0:52  SCV  
  17  1:04  SCV  
  18  1:16  SCV  
  19  1:31  Reaper, Orbital Command  
  20  1:33  Supply Depot  
  20  1:58  Bunker  
  20  1:59  Command Center  
  20  2:01  SCV  
  20  2:07  Barracks Reactor  
  21  2:17  SCV  
  22  2:23  Factory  
  22  2:30  SCV  
  22  2:32  Refinery  
  23  2:53  Marine x2  
  23  2:54  SCV  
  26  3:01  Command Center  
  25  3:08  Factory Tech Lab  
  25  3:10  SCV  
  25  3:12  Orbital Command  
  26  3:14  Marine  
  26  3:18  Marine  
  28  3:27  Cyclone  
  28  3:29  SCV  
  28  3:34  Orbital Command  
  32  3:35  Engineering Bay  
  32  3:38  Marine  
  32  3:39  Marine  
  34  3:45  SCV  
  35  3:53  Barracks  
  35  4:00  Cyclone  
  35  4:01  SCV  
  35  4:02  SCV  
  40  4:05  Marine x2  
  42  4:13  SCV  
  42  4:14  SCV  
  44  4:27  Missile Turret  
  44  4:33  SCV x2  
  44  4:38  Bunker, Marine x2  
  46  4:42  Barracks  
  46  4:45  SCV  
  50  4:47  Orbital Command  
  50  4:50  Factory Tech Lab  
  46  5:01  SCV x2  
Tags
 
Add a new tag
Caveats
  • Supply blocks, unpowered buildings, or Contaminate may cause inaccurate times.
  • Supply counts are checked every 10 seconds.